 Dungeon Crawl Stone Soup version 0.30-a0-596-g0af90f9a20 (webtiles) character file.

Game seed: 62549561688840968

44240 Newt the Fighter (level 13, 0/99 HPs)
             Began as a Demonspawn Gladiator on Jan 6, 2023.
             Was the Champion of Hepliaklqana.
             Slain by an orc warrior
             ... wielding a +0 halberd
              (21 damage)
             ... on level 2 of the Orcish Mines.
             The game lasted 00:28:40 (17135 turns).

Newt the Fighter (Demonspawn Gladiator)            Turns: 17135, Time: 00:28:40

Health: 0/99       AC: 20    Str: 20    XL:     13   Next: 95%
Magic:  29/29      EV: 11    Int:  9    God:    Hepliaklqana [******]
Gold:   778        SH: 15    Dex: 15    Spells: 20/32 levels left

rFire   + . .      SeeInvis +    z - +5 hand axe (freeze)
rCold   . . .      Faith    .    w - +0 kite shield
rNeg    . . .      Spirit   .    a - +3 ring mail {Will+}
rPois   .          Reflect  .    (helmet unavailable)
rElec   .          Harm     .    m - +1 cloak
rCorr   .          Rampage  .    (no gloves)
Will    +....                    (no boots)
Stlth   +                        r - amulet of regeneration
HPRegen 1.16/turn                F - ring of flight
MPRegen 0.21/turn                H - ring of protection from fire

@: about to teleport, flying, hasted, studying Stealth, very quick
A: reduced essence, antennae 3, rugged brown scales 3, demonic guardian 2,
icemail 1, condensation shield, bedeviling, fangs 1, high MP 1, shaggy fur 1,
wild magic 1
a: Renounce Religion, Recall Ancestor, Ancestor Identity, Transference, Idealise


You were on level 2 of the Orcish Mines.
You worshipped Hepliaklqana.
Hepliaklqana was exalted by your worship.
You visited 4 branches of the dungeon, and saw 18 of its levels.

You collected 1600 gold pieces.
You spent 822 gold pieces at shops.

Inventory:

Hand Weapons
 y - a +3 hand axe
 z - a +5 hand axe of freezing (weapon)
 Z - a +1 great mace of protection
Missiles
 d - 2 throwing nets
 e - 5 javelins (quivered)
 s - 24 poisoned darts
 t - 22 boomerangs
Armour
 a - a +3 ring mail of willpower (worn)
 m - a +1 cloak (worn)
 w - a +0 kite shield (worn)
 E - the +3 leather armour "Kysakaatz" {Regen+ Slay+3}
   (You bought it in a shop on level 8 of the Dungeon)

   Slay:      It affects your accuracy & damage with ranged weapons and melee
   (+3).
   Regen:     It increases your rate of health regeneration.
Jewellery
 h - an amulet of guardian spirit
 r - an amulet of regeneration (around neck)
 F - a ring of flight (left hand)
 G - a ring of positive energy
 H - a ring of protection from fire (right hand)
Wands
 R - a wand of roots (7)
Scrolls
 i - 4 scrolls of vulnerability
 j - 7 scrolls of teleportation
 q - 3 scrolls of magic mapping
 B - a scroll of amnesia
 D - a scroll of fear
 K - 4 scrolls of enchant armour
 T - 3 scrolls of blinking
 U - 2 scrolls of silence
 V - a scroll of identify
Potions
 f - a potion of heal wounds
 g - 8 potions of curing
 k - 2 potions of brilliance
 l - a potion of magic
 p - 4 potions of mutation
 J - 4 potions of might
 N - a potion of haste
 O - a potion of invisibility
 P - 2 potions of berserk rage
 Q - a potion of ambrosia
 W - a potion of cancellation
 X - a potion of resistance
 Y - 2 potions of degeneration
Miscellaneous
 L - a tin of tremorstones (2/2)
 M - a condenser vane
 S - a tin of tremorstones (2/2)


   Skills:
 - Level 10.0 Fighting
 - Level 2.6 Short Blades
 - Level 9.0 Axes
 - Level 4.0 Throwing
 - Level 8.0 Armour
 - Level 4.0 Dodging
 - Level 2.0 Stealth
 - Level 9.0 Shields
 - Level 10.0 Spellcasting
 - Level 7.0 Hexes
 + Level 5.4 Transmutations
 - Level 6.0 Invocations


You had 20 spell levels left.
You knew the following spells:

 Your Spells              Type           Power      Damage    Failure   Level
a - Enfeeble              Hex            16%        N/A       100%        7
b - Yara's Violent Unrav  Hex/Tmut       15%        3d8       82%         5

Your spell library contained the following spells:

 Spells                   Type           Power      Damage    Failure   Level
 Sting                    Tmut/Pois      48%        1d5       26%         1
 Necrotise                Necr           20%        1d5       56%         1
 Poisonous Vapours        Pois/Air       10%        N/A       71%         2
 Scorch                   Fire           10%        2d6       71%         2
 Fulminant Prism          Conj/Hex       10%        3d9       83%         4
 Gell's Gravitas          Tloc           5%         N/A       89%         3
 Kindle Blastsparks       Fire/Tloc/Air  10%        2d10      89%         3
 Lesser Beckoning         Tloc           10%        N/A       89%         3
 Ozocubu's Armour         Ice            5%         N/A       89%         3
 Teleport Other           Tloc           5%         N/A       89%         3
 Vampiric Draining        Necr           5%         2d6       89%         3
 Vhi's Electric Charge    Tloc/Air       10%        N/A       89%         3
 Airstrike                Air            2%         2d(1-17)  99%         4
 Flame Wave               Conj/Fire      5%         2d5       99%         4
 Iskenderun's Mystic Bla  Conj/Tloc      5%         2d3       99%         4
 Olgreb's Toxic Radiance  Pois           5%         N/A       99%         4
 Summon Lightning Spire   Summ/Air       5%         N/A       99%         4
 Agony                    Necr           5%         N/A       100%        5
 Arcjolt                  Conj/Air       2%         1d12      100%        5
 Freezing Cloud           Conj/Ice/Air   2%         6-21      100%        5
 Lee's Rapid Deconstruct  Erth           2%         3d5*      100%        5
 Lightning Bolt           Conj/Air       2%         1d14      100%        5
 Simulacrum               Ice/Necr       2%         N/A       100%        6
 Summon Cactus Giant      Summ           2%         N/A       100%        6
 Ozocubu's Refrigeration  Ice            2%         4d8       100%        7
 Maxwell's Capacitive Co  Air            2%         ∞         100%        8
 Polar Vortex             Ice            2%         N/A       100%        9


Dungeon Overview and Level Annotations

Branches:
Dungeon (10/15)            Temple (1/1) D:4            Lair (5/5) D:8
 Shoals (0/4) Lair:2       Spider (0/4) Lair:3        Slime (0/5) Lair:5
    Orc (2/2) D:10            Elf (0/3) Orc:2

Altars:
Ashenzari
Cheibriados
Dithmenos
Fedhas
Hepliaklqana
Kikubaaqudgha
Makhleb
Nemelex Xobeh
Okawaru
Qazlal
Ru
Sif Muna
Trog
Uskayaw
Vehumet
Wu Jian
Xom
Yredelemnul
Jiyva

Shops:
D:2 [   D:5 :   D:8 *   D:10 (   Orc:2 [


Innate Abilities, Weirdness & Mutations

Your life essence is reduced to manifest your ancestor. (-10% HP)
You have a pair of large antennae on your head. (SInv)
You are completely covered in rugged brown scales. (AC +3, +7% HP)
A demonic guardian rushes to your aid.
A meltable icy envelope protects you from harm. (AC +4)
A meltable shield of frost defends you. (SH +4)
Your hexes are more powerful.
You have very sharp teeth.
You have an increased reservoir of magic. (+10% MP)
You are covered in fur. (AC +1)
Your spells are a little harder to cast, but a little more powerful.


Message History

You hear a shout!
An orc warlord comes into view. It is wielding a +2 long sword.
As you read the scroll of teleportation, it crumbles to dust.
You feel strangely unstable.
The ynoxinul gestures.
You block the ynoxinul's attack.
Xochitl barely misses the orc.
Unknown command.
You hit the orc warrior but do no damage.
You bite the orc warrior, but do no damage.
You hit the orc warrior but do no damage.
You hit the ynoxinul. You freeze the ynoxinul.
You hit the orc warrior but do no damage.
You hit the orc warrior. You freeze the orc warrior.
You block the orc warrior's attack.
The orc warrior hits you from afar with a +0 halberd.
* * * LOW HITPOINT WARNING * * *
The orc warrior hits you with a +0 scimitar!
* * * LOW HITPOINT WARNING * * *
An orc comes into view. It is wielding a +0 hand axe.
The orc priest hits your smoke demon with a +0 hand axe!
An orc high priest comes into view. It is wielding a +0 halberd.
The orc knight hits Xochitl with a +0 battleaxe!!
Xochitl is destroyed!
The orc sorcerer mumbles some strange words.
Send 'em back where they came from!
Your smoke demon shudders.
The orc priest invokes the aid of Beogh against you.
Beogh smites you!
* * * LOW HITPOINT WARNING * * *
The orc warrior completely misses you.
Your smoke demon hits the ynoxinul. x2
Your smoke demon barely misses the ynoxinul.
The ynoxinul gestures.
The orc high priest shouts!
An orc warrior comes into view. It is wielding a +0 battleaxe.
Unknown command.
You feel much better.
You hear a chilling moan.
The orc warrior unwields a +0 arbalest.
The orc warrior wields a +0 halberd.
The orc warrior hits you with a +0 halberd!!
You die...

#.....R#......##.......#......
.....#.......#............#..##..
....#####....##.....###.....####.
#..# #....####....# ##....# ##
#.# ##..## #...#.# ##.### # ##
##.# ##...### ##.# # ### #.5.##
### ##5).## #33@o.# #.5ooooo..#
###4oooo###


.oooooo3. #..5oo.355# #..oo)o...# #..4ooo.o.# #...ooooo.# You could see an orc
warlord (strong), 2 orc knights, 3 orc high priests, a hellwing (summoned), a
rust devil (summoned), a smoke demon (summoned), 2 ynoxinuls, an orc sorcerer
(strong), 10 orc warriors, 4 orc priests, 4 orc wizards, 5 orcs, 6 ufetubi and a
friendly smoke demon (summoned).

Vanquished Creatures
  A catoblepas (Lair:5)
  2 two-headed ogres
  7 death yaks
  A deep troll shaman (Lair:5)
  An orb spider (Lair:3)
  4 lindwurms
  3 orc knights
  An orc sorcerer (Orc:2)
  A black mamba (Lair:2)
  5 elephants
  A torpor snail (Lair:5)
  8 cane toads
  5 komodo dragons
  A merfolk (Lair:2)
  2 polar bears (Lair:5)
  6 blink frogs
  4 spriggans (Lair:1)
  12 yaks
  A wyvern (Lair:1)
  A steam dragon (D:6)
  A basilisk (Lair:5)
  2 wargs
  8 water moccasins
  A black bear (Lair:3)
  8 orc warriors
  15 wolves
  6 ogres
  2 centaurs
  A phantom (D:5)
  3 bullfrogs (Lair:1)
  2 necrophages (D:4)
  2 scorpions
  5 wights
  A killer bee (D:9)
  An electric eel (Lair:4)
  A crimson imp (D:4)
  7 hounds
  3 jellies
  2 orc priests
  An iguana (D:6)
  Natasha (twice) (D:2)
  8 orc wizards
  4 hell rats (Lair:2)
  A mummy (D:5)
  7 adders
  A shadow imp (D:5)
  4 ufetubi
  A worm (D:2)
  3 dart slugs
  45 orcs
  8 ball pythons
  10 endoplasms
  3 giant cockroaches
  5 goblins
  9 hobgoblins
  5 quokkas
  3 bats
  5 frilled lizards
  7 kobolds
  7 rats
277 creatures vanquished.

Vanquished Creatures (collateral kills)
  2 hydras (Lair:5)
  10 death yaks
  A lindwurm (Lair:2)
  An orc knight (Orc:1)
  8 elephants
  A merfolk siren (Lair:2)
  A cyclops (Orc:1)
  A black mamba (Lair:5)
  2 cane toads (Lair:3)
  A rime drake (Lair:3)
  2 komodo dragons
  A troll (Orc:2)
  2 polar bears
  4 blink frogs
  3 spriggans
  2 yaks (D:10)
  A basilisk (Lair:1)
  A steam dragon (D:8)
  A warg (Orc:1)
  5 water moccasins
  5 orc warriors
  4 ogres
  9 wolves
  A centaur (D:6)
  3 bullfrogs
  A necrophage (D:7)
  4 wights
  3 killer bees
  A gnoll bouda (D:8)
  A hound (D:6)
  Natasha (D:2)
  2 orc wizards
  2 hell rats (Lair:2)
  A white imp (D:4)
  16 orcs
104 creatures vanquished.

Vanquished Creatures (others)
  10 knights
  An ancestor (D:6)
  A bush (Lair:5)
  25 fungi
  38 plants
  2 withered plants (D:8)
77 creatures vanquished.

Grand Total: 458 creatures vanquished

Notes
Turn   | Place    | Note
-------+----------+-------------------------------------------
     0 | D:1      | Newt the Demonspawn Gladiator began the quest for the Orb.
     0 | D:1      | Reached XP level 1. HP: 16/16 MP: 1/1
   192 | D:1      | Reached skill level 1 in Stealth
   428 | D:1      | Gained mutation: You are partially covered in rugged brown
                  | scales. (AC +1, +3% HP) [demonic ancestry]
   428 | D:1      | Reached XP level 2. HP: 16/22 MP: 2/2
   991 | D:2      | Noticed Natasha
  1001 | D:2      | Noticed a crimson imp
  1002 | D:2      | Killed Natasha
  1003 | D:2      | Gained mutation: A weak demonic guardian rushes to your
                  | aid. [demonic ancestry]
  1003 | D:2      | Reached XP level 3. HP: 21/29 MP: 3/3
  1205 | D:2      | Noticed Natasha
  1224 | D:2      | Killed Natasha
  1225 | D:2      | Gained mutation: You are mostly covered in rugged brown
                  | scales. (AC +2, +5% HP) [demonic ancestry]
  1225 | D:2      | Reached XP level 4. HP: 10/38 MP: 1/4
  1255 | D:2      | Noticed Natasha
  1263 | D:2      | Killed Natasha
  1264 | D:2      | Reached skill level 1 in Armour
  1658 | D:2      | Found Qyelydih's Armour Boutique.
  2065 | D:3      | Gained mutation: You have a pair of small antennae on your
                  | head. [demonic ancestry]
  2065 | D:3      | Reached XP level 5. HP: 42/44 MP: 2/5
  2667 | D:4      | Found a staircase to the Ecumenical Temple.
  2685 | Temple   | Entered the Ecumenical Temple
  2744 | Temple   | Became a worshipper of Hepliaklqana the Forgotten
  3117 | D:4      | Found a blossoming altar of Fedhas.
  3347 | D:4      | Reached skill level 1 in Invocations
  3347 | D:4      | Gained mutation: A meltable shield of frost defends you.
                  | (SH +4) [demonic ancestry]
  3347 | D:4      | Reached XP level 6. HP: 43/49 MP: 3/6
  3794 | D:4      | Found a stormy altar of Qazlal.
  4124 | D:4      | Gained mutation: You have a pair of antennae on your head.
                  | [demonic ancestry]
  4124 | D:4      | Reached XP level 7. HP: 56/56 MP: 9/9
  4505 | D:5      | Entered Level 5 of the Dungeon
  4651 | D:5      | Found a radiant altar of Vehumet.
  4930 | D:5      | Identified the +1 robe "Peep" {rElec rC+++ Int-3 Dex-3}
  4949 | D:5      | Found a snail-covered altar of Cheibriados.
  5057 | D:5      | Found Upaizoak's Self-Improvement Boutique.
  5239 | D:5      | Gained mutation: You are completely covered in rugged brown
                  | scales. (AC +3, +7% HP) [demonic ancestry]
  5239 | D:5      | Reached XP level 8. HP: 19/64 MP: 10/10
  5471 | D:5      | Reached skill level 5 in Axes
  5718 | D:5      | Reached * piety under Hepliaklqana
  5788 | D:5      | Found a shimmering blue altar of Sif Muna.
  6710 | D:6      | Reached skill level 5 in Armour
  6857 | D:6      | Found a shimmering altar of Xom.
  6924 | D:6      | Gained mutation: A meltable icy envelope protects you from
                  | harm. (AC +4) [demonic ancestry]
  6924 | D:6      | Reached XP level 9. HP: 20/63 MP: 3/11
  7176 | D:6      | Found a shimmering altar of Xom.
  7180 | D:6      | Found a shimmering altar of Xom.
  7180 | D:6      | Found a shimmering altar of Xom.
  7180 | D:6      | Found a shimmering altar of Xom.
  7185 | D:6      | Found a shimmering altar of Xom.
  7185 | D:6      | Found a shimmering altar of Xom.
  7286 | D:6      | Reached ** piety under Hepliaklqana
  7287 | D:6      | Remembered your ancestor Xochitl as a knight
  7320 | D:6      | Noticed a two-headed ogre
  7475 | D:7      | Gained mutation: Your system is resistant to poisons.
                  | (rPois) [potion of mutation]
  7475 | D:7      | Gained mutation: You are vulnerable to heat. (rF-) [potion
                  | of mutation]
  7476 | D:7      | Lost mutation: Your system is resistant to poisons. (rPois)
                  | [potion of mutation]
  7476 | D:7      | Lost mutation: You are vulnerable to heat. (rF-) [potion of
                  | mutation]
  7476 | D:7      | Gained mutation: Your spells are a little harder to cast,
                  | but a little more powerful. [potion of mutation]
  7476 | D:7      | Gained mutation: You have very sharp teeth. [potion of
                  | mutation]
  7476 | D:7      | Gained mutation: You have hidden genetic potential. [potion
                  | of mutation]
  7516 | D:7      | Reached skill level 5 in Fighting
  7545 | D:7      | Found an iron altar of Okawaru.
  7631 | D:7      | Found a sparkling altar of Nemelex Xobeh.
  7932 | D:6      | Killed a two-headed ogre
  8367 | D:6      | Found a shadowy altar of Dithmenos.
  8677 | D:8      | Found a basalt altar of Yredelemnul.
  8729 | D:8      | Identified the +0 pair of boots "Biroicra" {rN+ Dex+9}
  8837 | D:8      | Found Cisch's Assorted Antiques.
  8848 | D:8      | Bought a scroll labelled NUDAB IROMUF for 24 gold pieces
  8848 | D:8      | Bought a slimy leather armour for 168 gold pieces
  8848 | D:8      | Identified the +3 leather armour "Kysakaatz" {Regen+
                  | Slay+3} (You bought it in a shop on level 8 of the Dungeon)
  8848 | D:8      | Bought a tourmaline ring for 120 gold pieces
  8848 | D:8      | Bought a gilded ring for 120 gold pieces
  8940 | D:8      | You are sucked into a shaft and drop 1 floor!
  8940 | D:9      | Reached *** piety under Hepliaklqana
  9237 | D:8      | Found a staircase to the Lair.
  9516 | Lair:1   | Entered Level 1 of the Lair of Beasts
  9555 | Lair:1   | Noticed a komodo dragon
  9573 | Lair:1   | Killed a komodo dragon
  9574 | Lair:1   | Gained mutation: You have a pair of large antennae on your
                  | head. (SInv) [demonic ancestry]
  9574 | Lair:1   | Reached XP level 10. HP: 73/73 MP: 12/12
  9576 | Lair:1   | Identified the +1 short sword "Pautash" {drain, rPois rC++
                  | Str-4 Stlth+}
  9587 | Lair:1   | Noticed a cane toad
  9598 | Lair:1   | Killed a cane toad
  9599 | Lair:1   | Reached skill level 1 in Shields
  9610 | Lair:1   | Gained mutation: You are covered in fur. (AC +1) [hidden
                  | potential]
  9702 | Lair:1   | Identified the +8 long sword of the Yoke {freeze, *Rage
                  | rPois MP+9 Int+7}
  9769 | Lair:1   | Reached skill level 5 in Shields
  9802 | Lair:1   | Noticed a cane toad
  9828 | Lair:1   | Killed a cane toad
  9840 | Lair:1   | Reached skill level 5 in Invocations
  9985 | Lair:1   | Noticed a cane toad
  9989 | Lair:1   | Killed a cane toad
 10135 | Lair:1   | Noticed a cane toad
 10142 | Lair:1   | Killed a cane toad
 10178 | Lair:1   | Gained mutation: Your hexes are more powerful. [demonic
                  | ancestry]
 10178 | Lair:1   | Reached XP level 11. HP: 64/81 MP: 15/15
 10196 | Lair:1   | Gained mutation: You have an increased reservoir of magic.
                  | (+10% MP) [hidden potential]
 10196 | Lair:1   | Lost mutation: You have hidden genetic potential. [hidden
                  | potential expressed]
 10822 | Lair:2   | Found an iron altar of Okawaru.
 10826 | Lair:2   | Reached **** piety under Hepliaklqana
 10946 | Lair:2   | Found a staircase to the Shoals.
 11027 | Lair:2   | Noticed a lindwurm
 11027 | Lair:2   | Found the dreamshard necklace {*Dream Drain}
 11049 | Lair:2   | Noticed a lindwurm
 11049 | Lair:2   | Noticed a lindwurm
 11049 | Lair:2   | Noticed a lindwurm
 11067 | Lair:2   | Killed a lindwurm
 11076 | Lair:2   | Killed a lindwurm
 11076 | Lair:2   | Killed a lindwurm
 11077 | Lair:2   | Killed a lindwurm
 11249 | Lair:2   | Reached skill level 10 in Fighting
 11922 | Lair:3   | Reached XP level 12. HP: 93/94 MP: 18/18
 12466 | Lair:3   | Found a hole to the Spider Nest.
 12480 | Lair:3   | Reached skill level 1 in Spellcasting
 12558 | Lair:4   | Reached ***** piety under Hepliaklqana
 13280 | Lair:5   | Entered Level 5 of the Lair of Beasts
 13280 | Lair:5   | Noticed a death yak
 13280 | Lair:5   | Noticed a death yak
 13280 | Lair:5   | Noticed a death yak
 13280 | Lair:5   | Noticed a death yak
 13280 | Lair:5   | Found a viscous altar of Jiyva.
 13281 | Lair:5   | Noticed a death yak
 13307 | Lair:4   | Killed a death yak
 13341 | Lair:5   | Reached skill level 5 in Spellcasting
 13657 | Lair:5   | Killed a death yak
 13657 | Lair:5   | Killed a death yak
 13672 | Lair:5   | Killed a death yak
 13686 | Lair:5   | Killed a death yak
 13784 | Lair:5   | Found a staircase to the Slime Pits.
 13846 | Lair:5   | Noticed a death yak
 13851 | Lair:5   | Noticed a death yak
 13853 | Lair:5   | Noticed a death yak
 13854 | Lair:5   | Noticed a death yak
 13854 | Lair:5   | Noticed a death yak
 13855 | Lair:5   | Noticed a six-headed hydra
 13858 | Lair:5   | Noticed a death yak
 13861 | Lair:5   | Reached skill level 5 in Hexes
 13922 | Lair:5   | Noticed a four-headed hydra
 13931 | Lair:5   | Killed a six-headed hydra
 13932 | Lair:5   | Gained mutation: A demonic guardian rushes to your aid.
                  | [demonic ancestry]
 13932 | Lair:5   | Reached XP level 13. HP: 77/99 MP: 25/25
 14943 | Lair:5   | Reached skill level 10 in Spellcasting
 14951 | Lair:5   | Learned a level 7 spell: Enfeeble
 14957 | Lair:5   | Learned a level 5 spell: Yara's Violent Unravelling
 15083 | D:9      | Reached skill level 1 in Transmutations
 15861 | D:9      | Reached ****** piety under Hepliaklqana
 15919 | D:10     | Entered Level 10 of the Dungeon
 15981 | D:10     | Found a staircase to the Orcish Mines.
 15988 | D:10     | Found Obroiz's Weapon Boutique.
 16004 | Orc:1    | Entered Level 1 of the Orcish Mines
 16549 | Orc:2    | Entered Level 2 of the Orcish Mines
 16572 | Orc:2    | Found Dust's Armour Shop.
 16579 | Orc:2    | Found a staircase to the Elven Halls.
 16580 | Orc:2    | Bought a +3 ring mail of willpower for 390 gold pieces
 16707 | Orc:2    | Reached skill level 5 in Transmutations
 17133 | Orc:2    | Noticed an orc warlord
 17134 | Orc:2    | HP: 3/99 [orc priest/divine providence (8)]
 17135 | Orc:2    | Slain by an orc warrior

Illustrated notes

Levels and vault maps discovered:
D:1:      dpeg_arrival_boxes_within_box, layout_basic, minmay_tiny_reverse_x
D:2:      cheibrodos_helix_gallery, layout_basic, serial_shops, shop_fountains,
          uniq_natasha
D:3:      layout_rooms, minivault_23, st_stairs_10
D:4:      layout_basic, fedhas_altar_decomposition,
          mainiacjoe_overflow_24_doors, minmay_temple_entry_trees,
          minmay_fire_ice_demons
D:5:      layout_basic, slow_altar_1, general_overflow_altar,
          amcnicky_altar_gilded, mainiacjoe_overflow_tiny_flanked,
          nicolae_shop_self_help
D:6:      layout_basic, nicolae_xom_altar_mimics, lemuel_round_altar,
          grunt_ministairs_13
D:7:      layout_cave_pools, kennysheep_mini_moat,
          nicolae_overflow_hidden_temple
D:8:      layout_loops_ring, yredelemnul_altar_generic, lair_entry_dummy,
          serial_shops, shop_coins, serial_glass, glass_columns_c,
          glass_columns_a, glass_columns_a, glass_columns_a, glass_columns_b,
          glass_columns_a, glass_columns_a, glass_columns_a, glass_columns_b,
          glass_columns_b, glass_columns_c, glass_columns_a, glass_columns_a,
          glass_columns_a, kennysheep_generic_room_4
D:9:      layout_cave_pods
D:10:     layout_basic, grunt_gozag_statues, orc_david_3, gammafunk_ghost_grave,
          uniq_fannar, uniq_erolcha
Temple:   cyrus_temple_forest
Lair:1:   kb_forest_paths, layout_chaotic_city, st_stairs_11,
          serial_bayou_crossing
Lair:2:   layout_loops_ring, elwin_shoals_entry_rooms, basic_altar,
          nicolae_lair_grove_arrangements, minmay_lindwurm_lava,
          infiniplex_staircase_pool_2
Lair:3:   layout_gridlike, nicolae_spider_entry_orb_guardian,
          grunt_forest_stairs_clearing
Lair:4:   layout_regular_city, serial_bayou_shore_a, grunt_megastairs_1
Lair:5:   grunt_lair_end_beastmaster, layout_gridlike,
          nicolae_slime_entry_field_trip
Orc:1:    layout_diamond_mine
Orc:2:    st_orc_congregation, layout_diamond_mine, serial_shops,
          nicolae_shop_stone

Skill      XL: |  1  2  3  4  5  6  7  8  9 10 11 12 13 |
---------------+----------------------------------------+-----
Stealth        | 1 2 |  2.0
Fighting       | 3 4 6 7 10 | 10.0
Armour         | 2 4 6 8 |  8.0
Invocations    | 1 3 6 |  6.0
Throwing       | 3 4 |  4.0
Axes           | 4 6 8 9 |  9.0
Dodging        | 3 4 |  4.0
Shields        | 6 7 9 |  9.0
Spellcasting   | 7 10 | 10.0
Hexes          | 5 7 |  7.0
Transmutations | 5 |  5.4
Short Blades   | |  2.6

Action                   |  1- 3 |  4- 6 |  7- 9 | 10-12 | 13-15 || total
-------------------------+-------+-------+-------+-------+-------++-------
Melee: Rapier            |    97 |   274 |    34 |       |       ||   405
       Punch             |       |     5 |     2 |       |       ||     7
       Hand axe          |       |       |   278 |   424 |   353 ||  1055
       Bite              |       |       |    11 |    77 |    56 ||   144
Throw: Javelin           |     1 |     3 |    14 |       |       ||    18
       Throwing net      |       |     3 |     2 |       |       ||     5
       Dart              |       |     9 |    14 |       |       ||    23
       Boomerang         |       |       |     3 |     3 |       ||     6
Invok: Recall Ancestor   |       |       |     1 |     1 |     2 ||     4
       Ancestor Life: Kn |       |       |     1 |       |       ||     1
       Idealise          |       |       |       |       |     1 ||     1
       Transference      |       |       |       |       |     1 ||     1
Evoke: Condenser vane    |       |       |       |     1 |       ||     1
       Wand              |       |       |       |       |     1 ||     1
  Use: Scroll            |     4 |     8 |     7 |     6 |     4 ||    29
       Potion            |     2 |     2 |     7 |     4 |     2 ||    17
 Stab: Sleeping          |     2 |     5 |     5 |     4 |     1 ||    17
       Distracted        |       |     2 |     1 |     8 |     6 ||    17
       Confused          |       |       |       |     2 |       ||     2
       Petrified         |       |       |       |       |    19 ||    19
Armor: Leather armour    |    19 |   112 |    35 |   149 |    90 ||   405
       Robe              |       |       |    84 |       |       ||    84
       Skin              |       |       |    30 |       |       ||    30
       Ring mail         |       |       |       |       |    35 ||    35
Dodge: Dodged            |    66 |   190 |   237 |   182 |   153 ||   828
Block: Other             |       |     8 |    41 |       |       ||    49
       Kite shield       |       |       |    44 |   296 |   292 ||   632

Table legend: (Time is in decaauts)
 A = Elapsed time spent in this place.
 B = Non-inter-level travel time spent in this place.
 C = Inter-level travel time spent in this place.
 D = Time resting spent in this place.
 E = Time spent auto-exploring this place.
 F = Levels seen in this place.
 G = Mean time per level.
                   A        B        C        D        E       F      G
               +--------+--------+--------+--------+--------+-----+--------+
         Total |  17202 |  16471 |    731 |   3182 |   9997 |  18 |  955.7 |
       Dungeon |  10433 |  10030 |    403 |   1950 |   6398 |  10 | 1043.3 |
        Temple |    101 |     60 |     41 |      0 |     33 |   1 |  101.0 |
          Lair |   5542 |   5278 |    264 |    916 |   3021 |   5 | 1108.4 |
  Orcish Mines |   1125 |   1102 |     23 |    316 |    545 |   2 |  562.5 |
               +--------+--------+--------+--------+--------+-----+--------+

Top non-repeatable levels by time:
     D:6: 2153 daAuts
     D:4: 1786 daAuts
  Lair:5: 1535 daAuts
     D:5: 1509 daAuts
     D:2: 1229 daAuts
  Lair:1: 1220 daAuts
  Lair:2: 1077 daAuts
     D:9: 901 daAuts
  Lair:4: 890 daAuts
     D:8: 821 daAuts
  Lair:3: 819 daAuts
     D:1: 776 daAuts
     D:3: 654 daAuts
   Orc:2: 582 daAuts
   Orc:1: 543 daAuts
